 Dungeon Crawl Stone Soup version 0.18.1-48-g4cf74bf (webtiles) character file.

3884 Gargoyl the Protected (level 10, -19/77 HPs)
             Began as a Demonspawn Abyssal Knight on Aug 27, 2016.
             Was an Elder of Lugonu.
             Demolished by a red ugly thing (20 damage)
             ... on level 10 of the Dungeon.
             The game lasted 00:23:05 (11292 turns).

Gargoyl the Protected (Demonspawn Abyssal Knight)  Turns: 11292, Time: 00:23:05

Health: -19/77     AC: 16    Str: 16    XL:     10   Next: 0%
Magic:  0/23       EV: 14    Int: 13    God:    Lugonu [****..]
Gold:   583        SH:  0    Dex: 13    Spells: 0 memorised, 9 levels left

rFire  . . .     SeeInvis .     y - +6 war axe (flame)
rCold  . . .     Gourm    .     h - +1 scale mail
rNeg   . . .     Faith    .     (no shield)
rPois  .         Spirit   +     (no helmet)
rElec  .         Dismiss  .     s - +0 cloak
rCorr  .         Reflect  .     (no gloves)
SustAt .         Harm     .     r - +1 pair of boots
MR     .....                    f - amulet of guardian spirit
Stlth  ..........               m - ring of magical power
                                g - +2 ring of evasion

@: not resistant to hostile enchantments, extremely unstealthy
A: hooves 2, yellow scales 2, blink, high mp 1, powered by pain 1, screaming 1,
rot immunity
a: Blink, Depart the Abyss, Bend Space, Banish, Corrupt, Renounce Religion


You were on level 10 of the Dungeon.
You worshipped Lugonu.
Lugonu was greatly pleased with you.
You were very hungry.

You visited 1 branch of the dungeon, and saw 11 of its levels.
You visited the Abyss 1 time.

You collected 583 gold pieces.

Inventory:

Hand Weapons
 y - a +6 war axe of flaming (weapon)
 A - a +0 broad axe
Missiles
 k - 13 tomahawks (quivered)
 q - 7 tomahawks of returning
Armour
 h - a +1 scale mail (worn)
 r - a +1 pair of boots (worn)
 s - a +0 cloak (worn)
Jewellery
 f - an amulet of guardian spirit (around neck)
 g - a +2 ring of evasion (left hand)
 m - a ring of magical power (right hand)
 u - an uncursed ring of protection from magic
 E - a +3 ring of protection
Wands
 b - a wand of random effects (34/48)
 e - a wand of polymorph (3/24)
 w - a wand of enslavement (15/24)
Scrolls
 j - 6 scrolls of identify
 I - a scroll of remove curse
Potions
 d - 6 potions of curing {unknown}
 i - a potion of might {unknown}
 n - a potion of lignification {unknown}
 o - 2 potions of cancellation
 t - 2 potions of mutation
 v - a potion of haste {unknown}
 D - a potion of flight {unknown}
 G - a potion of brilliance {unknown}
Books
 a - a book of Burglary

   Spells                             Type                      Level
   a - Swiftness                      Charms/Air                   2
   b - Passwall                       Transmutation/Earth          2
   c - Passage of Golubria            Translocation                4
   d - Lee's Rapid Deconstruction     Earth                        5
   e - Darkness                       Hexes                        6
   f - Invisibility                   Hexes                        6
 x - a book of the Tempests

   Spells                             Type                      Level
   a - Static Discharge               Conjuration/Air              3
   b - Lightning Bolt                 Conjuration/Air              5
   c - Fireball                       Conjuration/Fire             5
   d - Tornado                        Air                          9
   e - Shatter                        Earth                        9
 z - a book of Maledictions

   Spells                             Type                      Level
   a - Corona                         Hexes                        1
   b - Ensorcelled Hibernation        Hexes/Ice                    2
   c - Confuse                        Hexes                        3
   d - Tukima's Dance                 Hexes                        3
   e - Dazzling Spray                 Conjuration/Hexes            3
 C - a book of Misfortune

   Spells                             Type                      Level
   a - Confusing Touch                Hexes                        2
   b - Confuse                        Hexes                        3
   c - Gell's Gravitas                Hexes/Translocation          3
   d - Petrify                        Transmutation/Earth          4
   e - Metabolic Englaciation         Hexes/Ice                    5
   f - Yara's Violent Unravelling     Hexes/Transmutation          5
Comestibles
 c - 9 bread rations
 l - 6 meat rations
 p - a fruit
 B - 2 slices of pizza
 H - a beef jerky


   Skills:
 + Level 6.4 Fighting
 + Level 6.0 Axes
 + Level 0.1 Throwing
 * Level 8.6 Armour
 + Level 6.0 Dodging
 + Level 1.3 Stealth
 + Level 3.6 Invocations


You had 9 spell levels left.
You didn't know any spells.

Dungeon Overview and Level Annotations

Branches:
Dungeon (11/15)            Temple (0/1) D:5
   Lair: D:8-11         Orc: D:9-12

Altars:
Ashenzari
Dithmenos
Makhleb
Zin

Annotations:
D:9 Burgietje's ghost, novice MiFi
D:11 Josephine


Innate Abilities, Weirdness & Mutations

You have hoof-like feet.
You are mostly covered in yellow scales (AC +3).
You sometimes gain a little power by taking damage.
You are immune to rotting.
You can translocate small distances at will.
You have an increased reservoir of magic (+10% MP).
You occasionally shout uncontrollably at your foes.


Message History

The red ugly thing is moderately wounded.
The red ugly thing engulfs you.
You are engulfed in flames!
* * * LOW HITPOINT WARNING * * *
The red ugly thing engulfs you.
* * * LOW HITPOINT WARNING * * *
You are engulfed in flames!
* * * LOW HITPOINT WARNING * * *
You don't have enough magic at the moment.
Unknown command.
You don't have enough magic at the moment.
Unknown command.
Unknown command.
Unknown command.
Drink which item? (? for menu, Esc to quit)
It was a potion of mutation.
You feel extremely strange.
You feel more energetic.
You feel the urge to shout.
You feel jittery. The red ugly thing engulfs you!
* * * LOW HITPOINT WARNING * * *
You are engulfed in flames!!
You die...

# #.# #.# #. #.# #.#
##[. #.## ##.#
..#.####..## # #..#
...........#.# #.##
............. #.#
#.......(.# #.#
#...###...## #.#
#.....@...## #.#
#...#u.....######.###
#...
#.###...........# #..
#........#.##.#.# ..
...#.......##.#.###
....###
#.###)..##.#....
#.....
#........#...###
#...#. ...#......##.#
#...#.###.#.###..##.#


You could see a red ugly thing.

Vanquished Creatures
  Sigmund (D:2)
  A wraith (D:10)
  A hungry ghost (D:10)
  Edmund (D:6)
  3 ice beasts
  A sky beast (D:10)
  3 phantoms
  2 ogres (D:5)
  A centaur (D:5)
  A big kobold (D:10)
  3 giant frogs
  2 scorpions
  A killer bee (D:10)
  2 howler monkeys
  5 wights
  2 crimson imps (D:7)
  2 centaur zombies
  An orc priest (D:3)
  A giant frog skeleton (D:5)
  8 orc wizards
  5 hounds
  Jessica (D:2)
  4 iguanas
  Ijyb (D:2)
  5 worker ants
  A hound zombie (D:6)
  6 gnolls
  10 adders
  A shadow imp (D:5)
  An adder zombie (D:5)
  An ooze (D:2)
  2 worms (D:2)
  3 dart slugs
  3 giant geckos
  29 orcs
  3 ball pythons
  8 giant cockroaches
  10 goblins
  13 hobgoblins
  6 jackals
  4 quokkas
  8 bats
  7 giant newts
  A jackal zombie (D:8)
  4 kobolds
  9 rats
  A fungus (D:4)
189 creatures vanquished.

Vanquished Creatures (others)
  An unseen horror (D:10)
  The ghost of futacatgirl the Zephyrmancer, a novice TeAE (D:4)
  A vampire (D:6)
  A steam dragon (D:6)
  5 starspawn tentacles (Abyss:2)
  82 starspawn tentacle segments (Abyss:2)
91 creatures vanquished.

Grand Total: 280 creatures vanquished

Notes
Turn   | Place    | Note
--------------------------------------------------------------
     0 | Abyss:1  | Gargoyl the Demonspawn Abyssal Knight began the quest for the Orb.
     0 | Abyss:1  | Reached XP level 1. HP: 18/18 MP: 2/2
    40 | Abyss:2  | Found a corrupted altar of Lugonu.
    72 | Abyss:2  | Noticed a tentacled starspawn
    88 | Abyss:2  | Noticed a tentacled starspawn
    93 | D:1      | Escaped the Abyss
   499 | D:1      | Reached skill level 2 in Armour
   499 | D:1      | Gained mutation: You are partially covered in yellow scales (AC +2). [demonic ancestry]
   499 | D:1      | Reached XP level 2. HP: 11/24 MP: 3/3
   767 | D:1      | Reached * piety under Lugonu
  1090 | D:2      | Noticed Jessica
  1119 | D:2      | Killed Jessica
  1119 | D:2      | Reached skill level 1 in Dodging
  1119 | D:2      | Gained mutation: You have large cloven feet. [demonic ancestry]
  1119 | D:2      | Reached XP level 3. HP: 21/29 MP: 3/5
  1355 | D:2      | Reached XP level 4. HP: 12/37 MP: 6/6
  1946 | D:2      | Noticed Sigmund
  2280 | D:2      | Killed Sigmund
  2280 | D:2      | Reached skill level 3 in Armour
  2280 | D:2      | Gained mutation: You are immune to rotting. [demonic ancestry]
  2280 | D:2      | Reached XP level 5. HP: 14/42 MP: 3/7
  2722 | D:2      | Reached ** piety under Lugonu
  2929 | D:2      | Found a shattered altar of Ashenzari.
  2935 | D:2      | Noticed Ijyb
  2968 | D:3      | Reached skill level 4 in Armour
  2968 | D:3      | Gained mutation: You have hoof-like feet. [demonic ancestry]
  2968 | D:3      | Reached XP level 6. HP: 44/48 MP: 6/8
  3023 | D:2      | Killed Ijyb
  3865 | D:3      | Found a glowing silver altar of Zin.
  3865 | D:3      | Noticed an angel
  4432 | D:3      | Found a burning altar of Makhleb.
  4658 | D:3      | Gained mutation: You sometimes gain a little power by taking damage. [demonic ancestry]
  4658 | D:3      | Reached XP level 7. HP: 55/55 MP: 9/9
  4671 | D:3      | Reached *** piety under Lugonu
  4808 | D:3      | You fall through a shaft!
  4949 | D:4      | You fall through a shaft for 3 floors!
  4975 | D:7      | Got a spiked helmet
  4996 | D:6      | Identified the -4 helmet of the Barnacle {+Inv rPois MR- rCorr} (You found it on level 7 of the Dungeon)
  5055 | D:6      | Noticed a vampire
  5063 | D:6      | Banished a vampire
  5063 | D:6      | Reached skill level 5 in Armour
  5074 | D:5      | Entered Level 5 of the Dungeon
  5492 | D:4      | Got a bloodstained falchion
  5598 | D:4      | Noticed futacatgirl's ghost (novice TeAE)
  5601 | D:4      | Banished futacatgirl's ghost
  5601 | D:4      | Reached XP level 8. HP: 61/61 MP: 10/10
  5741 | D:4      | Reached skill level 5 in Fighting
  6245 | D:4      | Reached skill level 6 in Armour
  6653 | D:5      | Found a staircase to the Ecumenical Temple.
  6794 | D:5      | Found a shadowy altar of Dithmenos.
  7845 | D:6      | Noticed Edmund
  7872 | D:6      | Killed Edmund
  7883 | D:6      | Identified the +4 falchion "Luhuddib" {speed, Int+3 Dex+4} (You found it on level 4 of the Dungeon)
  7945 | D:5      | Reached **** piety under Lugonu
  7945 | D:5      | Reached skill level 7 in Armour
  8479 | D:5      | Reached skill level 5 in Axes
  8479 | D:5      | Gained mutation: You are mostly covered in yellow scales (AC +3). [demonic ancestry]
  8479 | D:5      | Reached XP level 9. HP: 48/68 MP: 11/11
  8618 | D:5      | Reached skill level 5 in Dodging
 10423 | D:7      | You fall through a shaft for 2 floors!
 10438 | D:9      | Noticed a hill giant
 10446 | D:9      | Noticed Burgietje's ghost (novice MiFi)
 10760 | D:8      | You fall through a shaft for 3 floors!
 10810 | D:11     | Noticed Josephine
 10825 | D:10     | Entered Level 10 of the Dungeon
 10831 | D:10     | Reached skill level 8 in Armour
 10831 | D:10     | Reached skill level 1 in Stealth
 10900 | D:10     | Banished an unseen horror
 11281 | D:10     | Noticed a red ugly thing
 11283 | D:10     | Reached XP level 10. HP: 77/77 MP: 12/12
 11292 | D:10     | Gained mutation: You have an increased reservoir of magic (+10% MP). [potion of mutation]
 11292 | D:10     | Gained mutation: You occasionally shout uncontrollably at your foes. [potion of mutation]
 11292 | D:10     | Gained mutation: You can translocate small distances at will. [potion of mutation]
 11292 | D:10     | HP: 1/77 [red ugly thing (5)]
 11292 | D:10     | Demolished by a red ugly thing

Skill      XL: |  1  2  3  4  5  6  7  8  9 |
---------------+----------------------------+-----
Armour         | 2 3 4 5 7 8 |  8.6
Axes           | 2 3 5 6 |  6.0
Dodging        | 1 2 3 4 6 |  6.0
Fighting       | 4 5 6 |  6.4
Invocations    | 3 |  3.6
Stealth        | 1 |  1.3
Throwing       | |  0.1

Action                   |  1- 3 |  4- 6 |  7- 9 | 10-12 || total
-------------------------+-------+-------+-------+-------++-------
Melee: War axe           |   158 |   318 |   620 |     8 ||  1104
       Kick              |    13 |    45 |       |       ||    58
Throw: Tomahawk          |       |       |     4 |       ||     4
Invok: Depart the Abyss  |     1 |       |       |       ||     1
       Banish            |       |       |     5 |       ||     5
       Bend Space        |       |       |     1 |       ||     1
  Use: Scroll            |     2 |     9 |    12 |       ||    23
       Potion            |     5 |       |     1 |     1 ||     7
 Stab: Invisible         |     1 |       |       |       ||     1
  Eat: Chunk             |     2 |     7 |    12 |       ||    21
       Bread ration      |       |     1 |     2 |       ||     3
       Beef jerky        |       |       |     2 |       ||     2
Armor: Scale mail        |    99 |   183 |   337 |     2 ||   621
Dodge: Dodged            |   127 |   225 |   512 |     4 ||   868
